 Dungeon Crawl Stone Soup version 0.25-a0-1130-g3926558f3a (webtiles) character file.

Game seed: 13655254162627047255, levelgen mode: deterministic

1336 kae the Protected (level 8, -4/67 HPs)
             Began as a Gnoll Wanderer on May 19, 2020.
             Slain by a five-headed hydra (8 damage)
             ... on level 6 of the Dungeon.
             The game lasted 00:02:48 (5172 turns).

kae the Protected (Gnoll Wanderer)                  Turns: 5172, Time: 00:02:49

Health: -4/67      AC:  7    Str: 17    XL:     8   Next: 61%
Magic:  13/13      EV: 12    Int: 15    God:
Gold:   230        SH:  0    Dex: 14    Spells: 13/13 levels left

rFire    . . .     SeeInvis .   b - +0 hand crossbow
rCold    . . .     Gourm    .   (no shield)
rNeg     . . .     Faith    .   e - +0 ring mail
rPois    .         Spirit   .   (no helmet)
rElec    .         Reflect  .   (no cloak)
rCorr    .         Harm     .   (no gloves)
MR       .....                  (no boots)
Stlth    ++........             (no amulet)
HPRegen  0.21/turn              (no ring)
MPRegen  0.13/turn              (no ring)

@: no status effects
A: distributed training, fangs 1, strong nose
a: no special abilities


You were on level 6 of the Dungeon.
You were not hungry.

You visited 1 branch of the dungeon, and saw 6 of its levels.

You collected 230 gold pieces.

Inventory:

Hand Weapons
 a - a +2 dagger
 b - a +0 hand crossbow (weapon)
Missiles
 d - 104 bolts (quivered)
Armour
 e - a +0 ring mail (worn)
Jewellery
 v - a +4 ring of evasion {unknown}
 w - a cursed -4 ring of protection {unknown}
Wands
 r - a wand of enslavement (9)
 x - a wand of flame (15)
 y - a wand of digging (7)
Scrolls
 c - 2 scrolls of fear
 h - a scroll of magic mapping
 j - 3 scrolls of identify {unknown}
 l - 4 scrolls of remove curse {unknown}
 m - 2 scrolls of amnesia {unknown}
 s - 2 scrolls of fog {unknown}
 t - 2 scrolls of enchant weapon {unknown}
 u - a scroll of enchant armour {unknown}
Potions
 g - a potion of brilliance {unknown}
 i - a potion of cancellation {unknown}
 k - a potion of haste {unknown}
 n - 2 potions of curing {unknown}
 o - a potion of magic {unknown}
 p - a potion of lignification {unknown}
 q - a potion of resistance
 A - a potion of might {unknown}
Comestibles
 f - 7 rations
 z - 2 chunks of flesh


   Skills:
 + Level 7.4 Fighting
 + Level 3.3 Short Blades
 + Level 3.3 Long Blades
 + Level 3.3 Axes
 + Level 3.3 Maces & Flails
 + Level 3.3 Polearms
 + Level 3.3 Staves
 + Level 3.3 Slings
 + Level 4.3 Bows
 + Level 3.3 Crossbows
 + Level 3.3 Throwing
 + Level 9.2 Armour
 + Level 3.3 Dodging
 + Level 5.4 Stealth
 + Level 3.3 Shields
 + Level 3.3 Unarmed Combat
 + Level 3.3 Spellcasting
 + Level 2.7 Conjurations
 + Level 2.7 Hexes
 + Level 2.7 Charms
 + Level 2.7 Summonings
 + Level 2.7 Necromancy
 + Level 2.7 Translocations
 + Level 2.7 Transmutations
 + Level 2.7 Fire Magic
 + Level 2.7 Ice Magic
 + Level 2.7 Air Magic
 + Level 2.7 Earth Magic
 + Level 2.7 Poison Magic
 + Level 3.7 Invocations
 + Level 3.3 Evocations


You had 13 spell levels left.
You didn't know any spells.
Your spell library was empty.

Dungeon Overview and Level Annotations

Branches:
Dungeon (6/15)             Temple (0/1) D:5

Altars:
Elyvilon
Gozag
Okawaru
Qazlal
Vehumet

Shops:
D:6 *


Innate Abilities, Weirdness & Mutations

Your experience applies equally to all skills.
You have very sharp teeth.
Your uncanny sense of smell can sniff out nearby items.


Message History

Press: ? - help, Shift-Dir - straight line, f/p - five-headed hydra
Aim: a five-headed hydra (heavily wounded)
You shoot a bolt. The bolt hits the five-headed hydra!
The five-headed hydra is severely wounded.
The five-headed hydra bites you but does no damage.
The five-headed hydra completely misses you.
The five-headed hydra bites you but does no damage.
The five-headed hydra bites you! x2
* * * LOW HITPOINT WARNING * * *
Firing (i - inventory)
d - 105 bolts (quivered)
Press: ? - help, Shift-Dir - straight line, f/p - five-headed hydra
Aim: a five-headed hydra (severely wounded)
You shoot a bolt. The bolt hits the five-headed hydra!
The five-headed hydra is severely wounded.
The five-headed hydra barely misses you.
The five-headed hydra closely misses you.
The five-headed hydra bites you!
* * * LOW HITPOINT WARNING * * *
The five-headed hydra bites you!
You die...

..........###
............#
...........##
..........###
............###
....≈≈≈≈≈≈≈...##
....≈.....≈....###
....≈.⌠.⌠.≈......##
....≈..∩..≈.....@.#
..≈.⌠.⌠.≈.....D.#
..≈.....≈......(#
.≈≈...≈≈....###(.
.≈._.≈...... <..
≈...≈....... (...
.≈≈...... (.# .....
.##


You could see a five-headed hydra.

Vanquished Creatures
  A centaur skeleton (D:5)
  Sigmund (D:5)
  2 phantoms
  A centaur (D:6)
  A water moccasin zombie (D:3)
  A scorpion (D:2)
  A centaur zombie (D:6)
  A bullfrog zombie (D:5)
  2 hounds
  4 orc priests
  3 orc wizards
  2 worker ants
  A hound skeleton (D:5)
  5 gnolls
  3 adders
  2 adder skeletons
  2 worms (D:2)
  5 dart slugs
  5 leopard geckos
  11 orcs
  3 giant cockroaches
  11 goblins
  A hobgoblin (D:2)
  3 quokkas
  6 bats
  3 frilled lizards
  3 kobolds
  A leopard gecko zombie (D:5)
  8 rats
93 creatures vanquished.

Notes
Turn   | Place    | Note
-------+----------+-------------------------------------------
     0 | D:1      | kae the Gnoll Wanderer began the quest for the Orb.
     0 | D:1      | kae set off with the following items: a +2 dagger, a scroll
                  | of fear, a +0 hand crossbow, 22 bolts, a +0 ring mail, a
                  | ration
     0 | D:1      | Reached XP level 1. HP: 23/23 MP: 1/1
   132 | D:1      | Reached XP level 2. HP: 29/29 MP: 2/2
   651 | D:2      | Reached XP level 3. HP: 35/35 MP: 3/3
   866 | D:2      | Noticed a scorpion
   874 | D:2      | Killed a scorpion
   874 | D:2      | Reached skill level 1 in Short Blades
   874 | D:2      | Reached skill level 1 in Long Blades
   874 | D:2      | Reached skill level 1 in Axes
   874 | D:2      | Reached skill level 1 in Maces & Flails
   874 | D:2      | Reached skill level 1 in Polearms
   874 | D:2      | Reached skill level 1 in Staves
   874 | D:2      | Reached skill level 1 in Slings
   874 | D:2      | Reached skill level 1 in Crossbows
   874 | D:2      | Reached skill level 1 in Throwing
   874 | D:2      | Reached skill level 1 in Dodging
   874 | D:2      | Reached skill level 1 in Shields
   874 | D:2      | Reached skill level 1 in Unarmed Combat
   874 | D:2      | Reached skill level 1 in Spellcasting
   874 | D:2      | Reached skill level 1 in Invocations
   874 | D:2      | Reached skill level 1 in Evocations
   874 | D:2      | Reached XP level 4. HP: 40/41 MP: 5/5
   880 | D:2      | Reached skill level 1 in Conjurations
   880 | D:2      | Reached skill level 1 in Hexes
   880 | D:2      | Reached skill level 1 in Charms
   880 | D:2      | Reached skill level 1 in Summonings
   880 | D:2      | Reached skill level 1 in Necromancy
   880 | D:2      | Reached skill level 1 in Translocations
   880 | D:2      | Reached skill level 1 in Transmutations
   880 | D:2      | Reached skill level 1 in Fire Magic
   880 | D:2      | Reached skill level 1 in Ice Magic
   880 | D:2      | Reached skill level 1 in Air Magic
   880 | D:2      | Reached skill level 1 in Earth Magic
   880 | D:2      | Reached skill level 1 in Poison Magic
  1129 | D:2      | Reached XP level 5. HP: 47/47 MP: 6/6
  1591 | D:2      | Found a radiant altar of Vehumet.
  1832 | D:3      | Found a white marble altar of Elyvilon.
  1867 | D:3      | Reached XP level 6. HP: 48/53 MP: 8/8
  1960 | D:3      | Found an iron altar of Okawaru.
  2742 | D:4      | Noticed a phantom
  2750 | D:4      | Killed a phantom
  2750 | D:4      | Reached XP level 7. HP: 51/59 MP: 10/10
  3786 | D:5      | Entered Level 5 of the Dungeon
  3787 | D:5      | Noticed Sigmund
  3915 | D:5      | Found a staircase to the Ecumenical Temple.
  4088 | D:5      | Reached skill level 9 in Armour
  4088 | D:5      | Reached skill level 5 in Stealth
  4088 | D:5      | Reached XP level 8. HP: 40/67 MP: 10/12
  4813 | D:5      | Found a stormy altar of Qazlal.
  4881 | D:5      | Killed Sigmund
  5153 | D:6      | Found Gozag's Platinum Reserve.
  5157 | D:6      | Found an opulent altar of Gozag.
  5158 | D:6      | Noticed a five-headed hydra
  5172 | D:6      | Slain by a five-headed hydra

Illustrated notes

Levels and vault maps discovered:
D:1:      dpeg_arrival_windows_large_door, layout_rooms,
          minmay_tree_intersection, chequers_serial_rivers_small_3
D:2:      layout_loops_ring, lemuel_coloured_pillars_altar
D:3:      layout_loops_cross, lemuel_doored_altar, elyvilon_altar_5
D:4:      layout_layer_cave, first_ration, minmay_diced_spiral
D:5:      layout_loops_ring, grunt_qazlal_clouds, minmay_temple_entry_waves,
          uniq_sigmund
D:6:      layout_cave_pools, nicolae_gozag_zags_fifth_avenue, serial_shops,
          nicolae_shop_behind_doors, serial_park_tiny_2

Skill      XL: |  1  2  3  4  5  6  7  8 |
---------------+-------------------------+-----
Short Blades   | 1 2 3 |  3.3
Long Blades    | 1 2 3 |  3.3
Axes           | 1 2 3 |  3.3
Maces & Flails | 1 2 3 |  3.3
Polearms       | 1 2 3 |  3.3
Staves         | 1 2 3 |  3.3
Slings         | 1 2 3 |  3.3
Crossbows      | 1 2 3 |  3.3
Throwing       | 1 2 3 |  3.3
Dodging        | 1 2 3 |  3.3
Shields        | 1 2 3 |  3.3
Unarmed Combat | 1 2 3 |  3.3
Spellcasting   | 1 2 3 |  3.3
Invocations    | 1 2 3 |  3.7
Evocations     | 1 2 3 |  3.3
Conjurations   | 1 2 |  2.7
Hexes          | 1 2 |  2.7
Charms         | 1 2 |  2.7
Summonings     | 1 2 |  2.7
Necromancy     | 1 2 |  2.7
Translocations | 1 2 |  2.7
Transmutations | 1 2 |  2.7
Fire Magic     | 1 2 |  2.7
Ice Magic      | 1 2 |  2.7
Air Magic      | 1 2 |  2.7
Earth Magic    | 1 2 |  2.7
Poison Magic   | 1 2 |  2.7
Bows           | 3 4 |  4.3
Fighting       | 7 |  7.4
Armour         | 9 |  9.2
Stealth        | 5 |  5.4

Action                   |  1- 3 |  4- 6 |  7- 9 || total
-------------------------+-------+-------+-------++-------
Melee: Dagger            |     5 |       |   151 ||   156
       Bite              |       |       |    24 ||    24
       Hand crossbow     |       |       |     1 ||     1
       Punch             |       |       |     2 ||     2
 Fire: Hand crossbow     |    63 |    95 |    77 ||   235
  Use: Scroll            |       |     2 |       ||     2
 Stab: Sleeping          |     2 |       |     2 ||     4
  Eat: Chunk             |       |     6 |     4 ||    10
       Ration            |       |       |     1 ||     1
Armor: Ring mail         |     3 |    12 |    69 ||    84
Dodge: Dodged            |    13 |    34 |    97 ||   144

Table legend:
 A = Non-vault XP
 B = Vault XP
 C = Vault XP percentage of total XP
 D = Non-vault monster count
 E = Vault monster count
 F = Vault count percentage of total count
                 A         B        C        D         E       F
            +---------+---------+-------+---------+---------+-------
      Total |    1483 |     426 |  22.3 |      88 |       5 |   5.4
            +---------+---------+-------+---------+---------+-------
        D:1 |      32 |       0 |   0.0 |      18 |       0 |   0.0
        D:2 |     187 |       0 |   0.0 |      24 |       0 |   0.0
        D:3 |     176 |       0 |   0.0 |       9 |       0 |   0.0
        D:4 |     118 |     214 |  64.5 |      13 |       4 |  23.5
        D:5 |     804 |     212 |  20.9 |      21 |       1 |   4.5
        D:6 |     166 |       0 |   0.0 |       3 |       0 |   0.0
            +---------+---------+-------+---------+---------+-------
